 Dungeon Crawl Stone Soup version 0.31.0-9-g3a7656b989 (webtiles) character file.

Game seed: 5961271176400628428

137 qw the Shooter (level 5, 0/26 HPs)
             Began as a Spriggan Hunter on Feb 2, 2024.
             Was an Initiate of Okawaru.
             Slain by a black bear (1 damage)
             ... on level 5 of the Dungeon.
             The game lasted 00:00:08 (1878 turns).

qw the Shooter (Spriggan Hunter)                    Turns: 1878, Time: 00:00:08

Health: 0/26       AC:  2    Str:  7    XL:     5   Next: 0%
Magic:  6/6        EV: 20    Int: 10    God:    Okawaru [......]
Gold:   86         SH:  0    Dex: 21    Spells: 4/4 levels left

rFire   + . .        a - +0 shortbow
rCold   . . .        (shield currently unavailable)
rNeg    . . .        c - +0 robe
rPois   .            (helmet restricted)
rElec   .            b - scarf {repulsion}
rCorr   .            (gloves unavailable)
SInv    +            (boots unavailable)
Will    .....        (no amulet)
Stlth   ++           e - ring of protection from fire
HPRegen 0.24/turn    (no ring)
MPRegen 0.10/turn

%: repel missiles
@: very quick
A: very small, no large weapons, unfitting armour, see invisible, speed 3
a: Renounce Religion


You were on level 5 of the Dungeon.
You worshipped Okawaru.
Okawaru was noncommittal.
You visited 1 branch of the dungeon, and saw 4 of its levels.

You collected 86 gold pieces.


Innate Abilities, Weirdness & Mutations

You are very small and have problems with some larger weapons.
You are too small for most types of armour.
You have supernaturally acute eyesight. (SInv)
You cover ground extremely quickly. (Speed+++)


   Skills:
 - Level 2.1 Fighting
 + Level 5.0 Ranged Weapons
 - Level 5.0 Dodging
 - Level 1.5 Stealth


You had 4 spell levels left.
You didn't know any spells.
Your spell library was empty.

Inventory:

Hand Weapons
 a - a +0 shortbow (weapon)
Armour
 b - a scarf of repulsion (worn)
 c - a +0 robe (worn)
 h - a +0 cloak
 j - a scarf of invisibility
Jewellery
 e - a ring of protection from fire (left hand)
 n - a ring of poison resistance
Scrolls
 l - a scroll of poison {unknown}
 m - a scroll of enchant weapon {unknown}
Potions
 d - a potion of might
 f - a potion of mutation
 g - a potion of degeneration {unknown}
 i - 2 potions of resistance {unknown}
 k - a potion of lignification {unknown}

Dungeon Overview and Level Annotations

Branches:
Dungeon (3/15)

Altars:
Makhleb
Okawaru


Message History

You shoot an arrow.
The arrow hits the black bear but does no damage.
The black bear is lightly wounded.
You shoot an arrow. The arrow barely misses the black bear.
You shoot an arrow. The arrow hits the black bear.
The black bear is lightly wounded.
You shoot an arrow. The arrow barely misses the black bear.
You shoot an arrow. The arrow barely misses the black bear.
The black bear closely misses you. x2; The black bear completely misses you.
You shoot an arrow. The arrow hits the black bear.
The black bear is lightly wounded.
The black bear bites you. The black bear claws you.
The black bear claws you but does no damage.
You shoot an arrow. The arrow hits the black bear.
The black bear is moderately wounded.
The black bear closely misses you.
The black bear completely misses you. x2
You shoot an arrow.
The arrow closely misses the black bear.
The black bear completely misses you. The black bear closely misses you. x2
The black bear bites you. The black bear misses you. x2
You shoot an arrow. The arrow hits the black bear.
The black bear is heavily wounded.
The black bear closely misses you. The black bear misses you.
The black bear claws you.
You shoot an arrow. The arrow hits the black bear!
The black bear is almost dead.
The black bear barely misses you. The black bear closely misses you.
The black bear claws you but does no damage.
You shoot an arrow. The arrow hits the black bear.
The black bear is almost dead.
The black bear goes berserk!
You shoot an arrow.
The arrow closely misses the black bear.
The black bear misses you. The black bear claws you.
The black bear completely misses you. x2; The black bear claws you.
The black bear completely misses you.
You shoot an arrow.
The arrow closely misses the black bear.
The black bear bites you! The black bear claws you.
You die...

#.. #.##.# .# .
#.##.# )#.#
#####.##.#### .#.
#.....##....# ..
#.......###.# .#
#.......# #.###.# #
##......#
#...h.#..##
#......####..@.....#
####.#....+.....(#.+
#.#.####......#
#####.#.# #......#
#.....#.# #......#
#.#####+# #......#
#......# ........


You could see a black bear (berserk).

Vanquished Creatures
  A jelly (D:5)
  Natasha (D:3)
  2 adders (D:3)
  3 dart slugs
  2 ribbon worms
  An orc (D:5)
  5 bats
  An endoplasm (D:3)
  4 giant cockroaches
  5 goblins
  3 hobgoblins
  6 jackals
  6 ball pythons
  3 frilled lizards
  5 kobolds
  7 rats
55 creatures vanquished.

Notes
Turn   | Place    | Note
-------+----------+-------------------------------------------
     0 | D:1      | qw the Spriggan Hunter began the quest for the Orb.
     0 | D:1      | Reached XP level 1. HP: 10/10 MP: 2/2
     0 | D:1      | 0 ||| qw: Version: 0.3-a-155-g5e7d8dd
     0 | D:1      | 0 ||| qw: Game counter: 1152
     0 | D:1      | 0 ||| qw: Melee chars always use a shield: true
     0 | D:1      | 0 ||| qw: God list: Okawaru
     0 | D:1      | 0 ||| qw: Allow faded altars: false
     0 | D:1      | 0 ||| qw: Do Orc after clearing Dungeon:15 true
     0 | D:1      | 0 ||| qw: Do second Lair branch before Depths: true
     0 | D:1      | 0 ||| qw: Lair rune preference: random
     0 | D:1      | 0 ||| qw: Goals: Normal
     0 | D:1      | 0 ||| PLANNING D:1-11
    59 | D:1      | Reached skill level 3 in Dodging
    77 | D:1      | Reached XP level 2. HP: 14/14 MP: 3/3
   202 | D:1      | Found a faded altar of an unknown god.
   469 | D:1      | Reached XP level 3. HP: 18/18 MP: 4/4
   650 | D:1      | 650 ||| READING 3 scrolls labelled HYHOEZ LACKAINOM.
   651 | D:1      | 651 ||| READING scroll labelled VIDIUT CULLORA.
   652 | D:1      | 652 ||| DROPPING scroll of butterflies.
   653 | D:1      | 653 ||| DROPPING 2 scrolls of amnesia.
   973 | D:2      | Found a burning altar of Makhleb.
  1381 | D:2      | 1381 ||| UPGRADING to scarf of repulsion.
  1386 | D:2      | 1386 ||| READING 2 scrolls labelled OXUGGI MEOF.
  1386 | D:2      | 1386 ||| IDENTIFYING fuming inky potion
  1387 | D:2      | 1387 ||| READING scroll of identify.
  1387 | D:2      | 1387 ||| IDENTIFYING bubbling sapphire potion
  1432 | D:3      | Found an iron altar of Okawaru.
  1433 | D:3      | 1433 ||| PLANNING OKAWARU WORSHIP
  1433 | D:3      | 1433 ||| UPGRADING to ring of protection from fire.
  1440 | D:3      | Became a worshipper of Warmaster Okawaru
  1441 | D:3      | 1441 ||| PLANNING D:1-11
  1675 | D:3      | Reached XP level 4. HP: 15/22 MP: 5/5
  1769 | D:3      | Noticed Natasha
  1782 | D:3      | Killed Natasha
  1783 | D:3      | 1783 ||| FLEEEEING.
  1784 | D:3      | 1784 ||| FLEEEEING.
  1785 | D:3      | 1785 ||| FLEEEEING.
  1786 | D:3      | 1786 ||| FLEEEEING.
  1787 | D:3      | 1787 ||| FLEEEEING.
  1788 | D:3      | 1788 ||| FLEEEEING.
  1789 | D:3      | 1789 ||| FLEEEEING.
  1790 | D:3      | 1790 ||| FLEEEEING.
  1791 | D:3      | 1791 ||| FLEEEEING.
  1792 | D:3      | 1792 ||| FLEEEEING.
  1793 | D:3      | 1793 ||| FLEEEEING.
  1794 | D:3      | 1794 ||| FLEEEEING.
  1795 | D:3      | 1795 ||| FLEEEEING.
  1837 | D:3      | You fall into a shaft and drop 2 floors!
  1837 | D:5      | Entered Level 5 of the Dungeon
  1863 | D:5      | Noticed a black bear
  1865 | D:5      | Reached XP level 5. HP: 26/26 MP: 6/6
  1878 | D:5      | HP: 1/26 [black bear (12)]
  1878 | D:5      | Slain by a black bear

Levels and vault maps discovered:
D:1:      dpeg_arrival_lava_temple_mockup, layout_basic, serial_rivers,
          chequers_serial_rivers_micro_c, chequers_serial_rivers_micro_c,
          chequers_serial_rivers_small_3, chequers_serial_rivers_room_b,
          chequers_serial_rivers_micro_a, chequers_serial_rivers_room_a,
          ebering_ecumenical_altar_rust, serial_bayou_pond_e
D:2:      layout_loops_ring, basic_altar, uniq_crazy_yiuf_cottage
D:3:      layout_rooms, lemuel_crystal_altar, columned_hall_lemuel,
          kennysheep_jessica_study, uniq_natasha
D:5:      layout_basic, uniq_duvessa, uniq_sigmund, uniq_ijyb

Skill      XL: |  1  2  3  4 |
---------------+-------------+-----
Dodging        | 3 4 5 |  5.0
Ranged Weapons | 5 |  5.0
Fighting       | 2 |  2.1
Stealth        | |  1.5

Action                     |  1- 3 |  4- 6 || total
---------------------------+-------+-------++-------
  Melee: Unarmed           |       |    12 ||    12
   Fire: Shortbow          |   133 |    30 ||   163
    Use: Scroll            |     4 |       ||     4
 Armour: Robe              |    24 |    13 ||    37
         Skin              |       |     2 ||     2
  Dodge: Dodged            |    50 |    30 ||    80
         Repelled          |       |     1 ||     1

Table legend:
 A = Non-vault XP
 B = Vault XP
 C = Vault XP percentage of total XP
 D = Non-vault monster count
 E = Vault monster count
 F = Vault count percentage of total count
                 A         B        C        D         E       F
            +---------+---------+-------+---------+---------+-------
      Total |     162 |      35 |  17.8 |      54 |       1 |   1.8
            +---------+---------+-------+---------+---------+-------
        D:1 |      41 |       0 |   0.0 |      24 |       0 |   0.0
        D:2 |      33 |       0 |   0.0 |      18 |       0 |   0.0
        D:3 |      45 |      35 |  43.8 |      10 |       1 |   9.1
        D:5 |      43 |       0 |   0.0 |       2 |       0 |   0.0
            +---------+---------+-------+---------+---------+-------
